 Dungeon Crawl Stone Soup version 0.15.2 (webtiles) character file.

109537 Krimnash the Conjurer (level 16, -1/97 HPs)
             Began as a Gargoyle Fire Elementalist on Dec 13, 2014.
             Was the Champion of Vehumet.
             Slain by a merfolk impaler
             ... wielding a +1 trident of venom
              (15 damage)
             ... on Level 2 of the Shoals.
             The game lasted 04:03:51 (39178 turns).

Krimnash the Conjurer (Gargoyle Fire Elementalist) Turns: 39178, Time: 04:03:52

HP  -1/97        AC 22     Str 11      XL: 16   Next: 52%
MP  42/50        EV 13     Int 24      God: Vehumet [******]
Gold 2758        SH  5     Dex 10      Spells:  8 memorised,  3 levels left

rFire  . . .     SeeInvis .     I - staff of energy
rCold  + + .     Clarity  +     f - +1 leather armour {MR+}
rNeg   + . .     rCorr    .     J - +0 buckler
rPois  +         rRot     +     b - +1 hat {rC+}
rElec  +         Spirit   .     a - +2 cloak {rC+}
SustAb .         Warding  .     i - +0 pair of gloves
rMut   .         Stasis   .     m - +0 pair of boots
Gourm  .                        M - amulet of clarity
MR     ++...                    k - ring "Blecann" {MP+9 Str-1 Int+1}
                                E - ring of magical power

@: swift, flying, repel missiles, quick, very resistant to hostile enchantments,
unstealthy
A: able to fly continuously, big wings, negative energy resistance 1,
electricity resistance, unbreathing, petrification resistance, rot immunity, AC
+11
a: Stop Flying, Renounce Religion


You were on level 2 of the Shoals.
You worshipped Vehumet.
Vehumet was exalted by your worship.
You were hungry.

You visited 6 branches of the dungeon, and saw 29 of its levels.
You also visited: Labyrinth and Ice Cave.

You collected 3058 gold pieces.
You spent 300 gold pieces at shops.

Inventory:

Hand weapons
 G - a +2 whip of freezing
Armour
 a - a +2 cloak of cold resistance (worn)
 b - a +1 hat of cold resistance (worn)
 f - a +1 leather armour of magic resistance (worn)
 i - a +0 pair of gloves (worn)
 m - a +0 pair of boots (worn)
 J - a +0 buckler (worn)
Magical devices
 h - a wand of flame (14)
 t - a wand of disintegration (9)
 B - a wand of digging (1)
 T - a wand of teleportation (1)
 U - a wand of flame (15)
Comestibles
 c - 14 bread rations
 d - a royal jelly
 g - 10 meat rations
 l - 2 fruits
 p - a beef jerky
Scrolls
 n - 3 scrolls of magic mapping
 r - 7 scrolls of recharging
 v - a scroll of holy word
 w - 11 scrolls of remove curse
 x - 2 scrolls of blinking
 D - a scroll of fog
 N - 9 scrolls of identify
 S - 5 scrolls of teleportation
Jewellery
 e - an uncursed ring of protection from cold
 k - the ring "Blecann" (right hand) {MP+9 Str-1 Int+1}
   (You took it off a minotaur in a labyrinth)

   [ring of magical power]

   It affects your strength (-1).
   It affects your intelligence (+1).
   It affects your magic capacity (+9).
 u - an uncursed ring of teleportation
 y - an uncursed amulet of resist mutation
 z - an uncursed ring of see invisible
 E - a ring of magical power (left hand)
 M - an amulet of clarity (around neck)
 O - the amulet "Kebroas" {Ward rN+ Dex-1 Slay-4 Stlth+}
   (You found it on level 7 of the Dungeon)

   [amulet of warding]

   It may prevent the melee attacks of summoned creatures.
   It affects your dexterity (-1).
   It affects your accuracy and damage with ranged weapons and melee attacks
   (-4).
   It protects you from negative energy.
   It makes you more stealthy.
Potions
 j - 4 potions of heal wounds
 o - 4 potions of curing
 q - a potion of brilliance
 s - a potion of invisibility
 L - a potion of haste
Magical staves
 I - an uncursed staff of energy (weapon)
 P - an uncursed staff of fire
Rods
 A - a +2 rod of shadows (14/14)
   (You found it in a labyrinth)


   Skills:
 + Level 10.1 Fighting
 - Level 3.1 Maces & Flails
 + Level 5.8 Armour
 + Level 7.8 Dodging
 - Level 2.1 Stealth
 - Level 5.0 Shields
 * Level 8.9 Spellcasting
 * Level 14.2 Conjurations
 * Level 12.9 Fire Magic
 * Level 10.3 Air Magic
 + Level 8.9 Evocations


You had 3 spell levels left.
You knew the following spells:

 Your Spells              Type           Power        Failure   Level  Hunger
a - Flame Tongue          Conj/Fire      #####        1%          1    None
b - Bolt of Fire          Conj/Fire      ######....   1%          6    None
c - Sticky Flame          Conj/Fire      ######..     1%          4    None
d - Repel Missiles        Chrm/Air       #####.       1%          2    None
e - Orb of Destruction    Conj           ######....   4%          7    None
f - Bolt of Magma         Conj/Fire/Erth ######....   1%          5    None
g - Swiftness             Chrm/Air       #####...     1%          2    None
h - Blink                 Tloc           N/A          12%         2    None


Dungeon Overview and Level Annotations

Branches:
Dungeon (11/15)            Temple (1/1) D:5             Orc (4/4) D:11
    Elf (3/3) Orc:3          Lair (8/8) D:9          Shoals (2/5) Lair:5
 Spider (0/5) Lair:6        Slime (0/6) Lair:6

Altars:
Ashenzari
Cheibriados
Dithmenos
Elyvilon
Fedhas
Kikubaaqudgha
Makhleb
Nemelex Xobeh
Okawaru
Qazlal
Sif Muna
Trog
Vehumet
Xom
Yredelemnul
Zin
The Shining One
Jiyva

Shops:
D:4 %   D:6 %   D:7 (   D:9 (   D:10 :   Orc:1 :   Orc:4 ((((

Annotations:
Lair:4 exclusion: orange crystal statue


Innate Abilities, Weirdness & Mutations

You are resistant to torment.
You are immune to poison.
You can fly continuously.
Your stone body is very resilient (AC +11).
Your wings are large and strong.
You resist negative energy.
You are resistant to electric shocks.
You can survive without breathing.
You are immune to petrification.
You are immune to rotting.


Message History

The merfolk impaler barely misses you.
The merfolk hits you from afar with a trident!
You block the merfolk's attack.
The merfolk impaler is engulfed in a cloud of scalding steam.
The merfolk impaler hits you but does no damage.
Casting: Bolt of Fire
Confirm with . or Enter, or press ? or * to list all spells.
You feel quick. The merfolk closely misses you. You block the merfolk's attack.
The merfolk impaler is engulfed in a cloud of scalding steam.
The merfolk impaler hits you but does no damage.
The merfolk hits you but does no damage.
The merfolk impaler hits you from afar with a glowing trident.
* * * LOW HITPOINT WARNING * * *
The merfolk barely misses you. The merfolk closely misses you.
You block the merfolk impaler's attack.
The merfolk impaler hits you from afar with a glowing trident!
* * * LOW HITPOINT WARNING * * *
Unknown command.
The merfolk impaler hits you from afar with a glowing trident!
You die...

≈≈........≈≈≈≈≈≈≈≈≈≈≈≈#
≈.........≈≈≈≈≈≈≈≈≈≈≈≈#
...).(..()≈≈≈≈≈≈≈≈≈≈≈≈#
...[.....≈≈≈≈≈≈≈≈≈≈≈≈≈#
.≈......≈≈≈≈≈≈≈≈≈≈≈≈≈≈#
###....≈≈≈≈≈≈≈≈≈m≈≈≈≈≈#
≈....≈≈≈≈≈≈≈≈≈≈mmm≈≈≈#
..≈..≈≈≈≈≈≈≈≈≈≈≈≈≈≈≈≈≈#
..≈≈.≈≈≈≈≈≈≈≈≈≈≈@≈≈≈≈≈#
$≈.≈≈≈≈≈≈≈≈≈≈≈≈≈≈≈≈≈≈≈#
#.≈≈≈≈≈≈≈≈≈≈≈≈≈≈≈≈≈≈#
...≈≈≈≈≈≈≈≈≈≈≈≈≈≈≈≈≈≈#
≈≈≈≈≈≈≈≈≈≈≈≈≈≈≈≈≈≈≈≈≈≈#
≈≈≈≈≈≈≈≈≈≈≈≈≈≈≈≈≈≈≈≈≈≈#
≈≈≈≈≈≈≈≈≈≈≈≈≈≈≈≈≈≈≈≈≈≈
≈≈≈≈≈≈≈≈≈≈≈≈≈≈≈≈≈≈≈≈≈
≈≈≈≈≈≈≈≈≈≈≈≈≈≈≈≈≈≈≈


You could see a merfolk impaler and 3 merfolk.

Vanquished Creatures
  The ghost of ghwc the Eclecticist, a mighty DrVM of Vehumet (Shoals:2)
  A deep elf sorcerer (Elf:2)
  An orc warlord (Elf:2)
  A dire elephant (Lair:5)
  A deep elf annihilator (Elf:2)
  A minotaur (Lab)
  The ghost of Kite the Fighter, an experienced MiBe of Trog (Lair:1)
  3 hydras
  Erica (Lair:2)
  4 orc high priests
  A deep troll shaman (Lair:8)
  13 death yaks
  Urug (Orc:2)
  6 deep elf knights
  2 unseen horrors (D:11)
  4 ice devils (IceCv)
  A catoblepas (Lair:8)
  2 hill giants (D:10)
  6 harpies
  A deep elf summoner (Elf:1)
  2 ice statues (IceCv)
  Erolcha (Orc:1)
  3 sea snakes
  2 ugly things (D:11)
  5 deep elf conjurers (Elf:2)
  9 orc knights
  5 orc sorcerers
  5 griffons
  A salamander (shapeshifter) (Elf:1)
  5 manticores
  3 molten gargoyles (Elf:1)
  5 black mambas
  16 elephants
  13 spiny frogs
  A mermaid (Shoals:1)
  A torpor snail (Lair:3)
  2 feature mimics
  An item mimic (Elf:1)
  3 fire drakes (Lair:7)
  A wandering mushroom (Lair:7)
  Grinder (D:4)
  4 deep elf priests
  8 komodo dragons
  A jumping spider (Elf:1)
  2 polar bears (Lair:8)
  7 blue devils (IceCv)
  6 merfolk
  Prince Ribbit (D:9)
  3 two-headed ogres
  2 wind drakes (Shoals:1)
  A slime creature (Lair:8)
  7 trolls
  23 blink frogs
  A boulder beetle (Lair:7)
  A basilisk (Lair:1)
  A tarantella (Lair:6)
  6 snapping turtles
  2 wyverns
  2 water elementals (Shoals:1)
  2 deep elf magi (Elf:2)
  4 hungry ghosts
  3 fire elementals (Elf:1)
  A wraith (D:10)
  Grum (Orc:1)
  51 yaks
  8 deep elf fighters
  3 wargs (Orc:3)
  12 hippogriffs
  27 wolves
  46 orc warriors
  A soldier ant (D:8)
  8 water moccasins
  13 swamp worms (Lair:6)
  13 porcupines
  3 phantoms
  A yellow wasp (D:9)
  2 black bears
  5 ice beasts
  3 sky beasts
  9 centaurs
  A necrophage (D:4)
  Duvessa (Orc:1)
  8 ogres
  3 big kobolds
  A gnoll sergeant (D:10)
  3 earth elementals
  Blork the orc (D:5)
  7 crocodiles
  A komodo dragon skeleton (D:11)
  18 giant frogs
  7 scorpions
  An eye of draining (D:11)
  8 electric eels
  6 wights
  10 killer bees
  2 crimson imps
  A troll zombie (D:7)
  8 hounds
  5 jellies
  2 goliath beetles (D:7)
  Dowan (Orc:1)
  28 orc priests
  29 orc wizards
  14 worker ants
  A giant frog zombie (D:10)
  3 quasits
  7 iguanas
  An orange rat (Elf:1)
  23 sheep
  Ijyb (D:3)
  Jessica (D:2)
  Terence (D:2)
  A worker ant zombie (D:7)
  22 adders
  6 gnolls
  28 green rats
  2 orc zombies
  An inept feature mimic (D:3)
  3 shadow imps
  A giant mite (D:4)
  6 white imps (IceCv)
  10 worms
  6 ufetubi (IceCv)
  An adder skeleton (D:4)
  An iguana skeleton (D:7)
  An iguana zombie (D:5)
  6 giant geckos
  3 oozes (D:1)
  215 orcs
  2 ball pythons
  17 bats
  8 giant cockroaches
  21 goblins
  14 hobgoblins
  3 jackals (D:2)
  31 kobolds
  11 quokkas
  10 giant newts
  A giant spore (D:7)
  A gnoll skeleton (D:6)
  A hobgoblin skeleton (D:6)
  A kobold skeleton (D:7)
  18 rats
  A rat skeleton (D:4)
  2 ballistomycetes (D:11)
  A bush (Lair:8)
  2 plants
1093 creatures vanquished.

Vanquished Creatures (others)
  3 killer bees (Elf:1)
  3 orc wizards
  2 ufetubi (IceCv)
  3 white imps (IceCv)
  An orc (Elf:1)
  A giant spore (D:11)
  2 fungi
  6 plants
21 creatures vanquished.

Grand Total: 1114 creatures vanquished

Notes
Turn   | Place    | Note
--------------------------------------------------------------
     0 | D:1      | Krimnash, the Gargoyle Fire Elementalist, began the quest for the Orb.
     0 | D:1      | Reached XP level 1. HP: 10/10 MP: 3/3
   174 | D:1      | Reached XP level 2. HP: 7/15 MP: 0/4
   885 | D:1      | Reached XP level 3. HP: 19/19 MP: 4/6
  1572 | D:1      | Found a sparkling altar of Nemelex Xobeh.
  1785 | D:2      | Noticed Jessica
  1800 | D:2      | Killed Jessica
  1800 | D:2      | Reached XP level 4. HP: 24/24 MP: 0/8
  1805 | D:2      | Learned a level 3 spell: Conjure Flame
  1810 | D:2      | Learned a level 4 spell: Sticky Flame
  2086 | D:2      | Noticed Terence
  2123 | D:2      | Killed Terence
  2389 | D:2      | Reached XP level 5. HP: 28/28 MP: 6/9
  2601 | D:2      | Reached skill level 4 in Fire Magic
  2861 | D:3      | Found a glowing drain.
  2948 | D:3      | the glowing drain was a mimic.
  3549 | D:3      | Reached XP level 6. HP: 18/32 MP: 0/11
  3563 | D:3      | Found an ancient bone altar of Kikubaaqudgha.
  3563 | D:3      | Found a blossoming altar of Fedhas.
  3654 | D:3      | Noticed Ijyb
  3731 | D:3      | Killed Ijyb
  4072 | D:4      | Reached skill level 5 in Conjurations
  4109 | D:4      | Found Struroudgh's Food Shop.
  4198 | D:4      | Reached skill level 5 in Fire Magic
  4302 | D:4      | Found a bloodstained altar of Trog.
  4318 | D:4      | Noticed Grinder
  4328 | D:4      | Killed Grinder
  4328 | D:4      | Reached skill level 6 in Conjurations
  4328 | D:4      | Reached XP level 7. HP: 25/36 MP: 1/12
  4982 | D:4      | Reached XP level 8. HP: 25/41 MP: 1/14
  5291 | D:5      | Entered Level 5 of the Dungeon
  5644 | D:5      | Found a staircase to the Ecumenical Temple.
  5644 | D:5      | Noticed Blork the orc
  5649 | D:4      | Reached skill level 1 in Fighting
  5649 | D:4      | Reached skill level 7 in Conjurations
  5731 | D:5      | Found a blossoming altar of Fedhas.
  5756 | D:5      | Killed Blork the orc
  5756 | D:5      | Reached skill level 1 in Evocations
  5793 | D:5      | Reached skill level 1 in Maces & Flails
  5814 | Temple   | Entered the Ecumenical Temple
  5819 | Temple   | Became a worshipper of Vehumet
  6445 | D:5      | Found a white marble altar of Elyvilon.
  6445 | D:5      | Found a glowing silver altar of Zin.
  6446 | D:5      | Found a glowing golden altar of the Shining One.
  6996 | D:6      | Learned a level 2 spell: Repel Missiles
  7136 | D:6      | Found a shattered altar of Ashenzari.
  7139 | D:6      | Found a snail-covered altar of Cheibriados.
  7165 | D:5      | Reached XP level 9. HP: 32/50 MP: 15/18
  7317 | D:6      | Acquired Vehumet's first power
  7317 | D:6      | Offered knowledge of Magic Dart by Vehumet.
  7338 | D:6      | Reached skill level 1 in Air Magic
  7401 | D:6      | Found Wuxa's Food Shoppe.
  7835 | D:7      | Found Qidwous' Weapon Boutique.
  7880 | D:7      | Got a slimy jade amulet
  7938 | D:7      | Reached skill level 8 in Conjurations
  8183 | D:7      | Reached skill level 1 in Shields
  8425 | D:7      | Learned a level 5 spell: Fireball
  8718 | D:8      | Offered knowledge of Freeze by Vehumet.
  9530 | D:8      | Found a basalt altar of Yredelemnul.
  9627 | D:8      | Reached XP level 10. HP: 54/56 MP: 21/21
 10608 | D:9      | Offered knowledge of Searing Ray by Vehumet.
 10922 | D:9      | Acquired Vehumet's second power
 11100 | D:9      | Noticed Prince Ribbit
 11114 | D:9      | Killed Prince Ribbit
 11114 | D:9      | Reached skill level 5 in Fighting
 11616 | D:9      | Found a staircase to the Lair.
 11631 | D:9      | Found Blaseam's Weapon Emporium.
 11660 | D:9      | Offered knowledge of Iskenderun's Mystic Blast by Vehumet.
 11733 | D:9      | Reached XP level 11. HP: 54/64 MP: 22/22
 11918 | D:9      | Identified the amulet "Kebroas" {Ward rN+ Dex-1 Slay-4 Stlth+} (You found it on level 7 of the Dungeon)
 11920 | Lair:1   | Entered Level 1 of the Lair of Beasts
 12023 | Lair:1   | Reached skill level 5 in Spellcasting
 12023 | Lair:1   | Reached skill level 9 in Conjurations
 12040 | Lair:1   | Learned a level 5 spell: Bolt of Magma
 13113 | Lair:1   | Noticed Kite's ghost (experienced MiBe)
 13153 | Lair:1   | Killed Kite's ghost
 13153 | Lair:1   | Reached skill level 5 in Air Magic
 13931 | Lair:2   | Acquired Vehumet's third power
 13945 | Lair:2   | Offered knowledge of Stone Arrow by Vehumet.
 14524 | Lair:2   | Noticed a six-headed hydra
 14547 | Lair:2   | Killed a six-headed hydra
 14547 | Lair:2   | Reached skill level 5 in Evocations
 14831 | Lair:2   | Noticed Erica
 14843 | Lair:2   | Killed Erica
 14987 | Lair:2   | Reached XP level 12. HP: 40/71 MP: 25/25
 15171 | Lair:3   | Reached skill level 10 in Conjurations
 15173 | Lair:3   | Reached skill level 5 in Shields
 15482 | Lair:3   | Noticed a death yak
 15491 | Lair:3   | Noticed a death yak
 15534 | Lair:2   | Killed a death yak
 15681 | Lair:3   | Killed a death yak
 16401 | Lair:3   | Reached skill level 5 in Dodging
 16645 | Lair:4   | Identified a scroll of acquirement
 16646 | Lair:4   | Identified Puisokupt's Almanac of Combat Magic and Fire (You acquired it on level 4 of the Lair of Beasts)
 16654 | Lair:4   | Learned a level 6 spell: Bolt of Fire
 16708 | Lair:4   | Offered knowledge of Olgreb's Toxic Radiance by Vehumet.
 16867 | Lair:4   | Found a frozen archway.
 17004 | IceCv    | Entered an ice cave
 17162 | IceCv    | Reached skill level 10 in Fire Magic
 17466 | IceCv    | Reached skill level 11 in Conjurations
 17502 | IceCv    | Reached XP level 13. HP: 76/76 MP: 27/27
 18535 | Lair:4   | Found a bloodstained altar of Trog.
 18856 | Lair:4   | Learned a level 2 spell: Swiftness
 19236 | Lair:5   | Found a staircase to the Shoals.
 19609 | Lair:5   | Offered knowledge of Venom Bolt by Vehumet.
 19687 | Lair:5   | Noticed a dire elephant
 21288 | Lair:6   | Gained mutation: Your wings are large and strong. [gargoyle growth]
 21288 | Lair:6   | Reached XP level 14. HP: 84/84 MP: 29/29
 21459 | Lair:4   | Got a vibrating copper ring
 21731 | Lair:6   | Identified the ring "Vuipeom" {+Blink rN+ Str+4 Int-3 Stlth-} (You found it on level 4 of the Lair of Beasts)
 21754 | Lair:6   | Reached skill level 12 in Conjurations
 21804 | Lair:6   | Found a viscous altar of Jiyva.
 21938 | Lair:6   | Found a staircase to the Slime Pits.
 22033 | Lair:6   | Found a hole to the Spider Nest.
 22509 | Lair:6   | Reached skill level 1 in Armour
 23126 | Lair:7   | Offered knowledge of Freezing Cloud by Vehumet.
 24832 | Lair:8   | Entered Level 8 of the Lair of Beasts
 25071 | Lair:8   | Found a staircase to the Slime Pits.
 25206 | Lair:8   | the staircase to the Slime Pits was a mimic.
 26324 | Lair:8   | Got a shimmering plate armour
 26335 | Lair:8   | Identified the cursed -11 plate armour of Exclusion {Slay+4} (You found it on level 8 of the Lair of Beasts)
 26577 | D:10     | Entered Level 10 of the Dungeon
 26764 | D:10     | Found Inwalal's Book Emporium.
 26774 | D:10     | Bought a book of Minor Magic for 300 gold pieces
 26778 | D:10     | Learned a level 2 spell: Blink
 26827 | D:10     | Reached XP level 15. HP: 90/90 MP: 30/30
 27930 | D:11     | Offered knowledge of Bolt of Draining by Vehumet.
 28072 | D:11     | Reached skill level 13 in Conjurations
 28378 | D:11     | Found a staircase to the Orcish Mines.
 29011 | D:11     | Learned a level 3 spell: Mephitic Cloud
 29189 | Orc:1    | Entered Level 1 of the Orcish Mines
 29314 | Orc:1    | Noticed Grum
 29315 | Orc:1    | Offered knowledge of Bolt of Cold by Vehumet.
 29322 | Orc:1    | Killed Grum
 29914 | Orc:2    | Noticed Urug
 29920 | Orc:2    | Killed Urug
 30252 | Orc:1    | Noticed Erolcha
 30255 | Orc:1    | Noticed Dowan
 30255 | Orc:1    | Killed Dowan
 30256 | Orc:1    | Noticed Duvessa
 30258 | Orc:1    | Killed Duvessa
 30492 | Orc:1    | Killed Erolcha
 30795 | Orc:1    | Found Otivuun's Book Emporium.
 31406 | Orc:3    | Found an ancient bone altar of Kikubaaqudgha.
 31459 | Orc:3    | Found a staircase to the Elven Halls.
 31511 | Orc:3    | Offered knowledge of Orb of Destruction by Vehumet.
 31790 | Lair:1   | Learned a level 7 spell: Orb of Destruction
 32051 | Orc:4    | Entered Level 4 of the Orcish Mines
 32051 | Orc:4    | Found a labyrinth entrance.
 32103 | Lab      | Entered a labyrinth
 32507 | Lab      | Got a heavily runed bone ring
 32566 | Orc:4    | Identified the ring "Blecann" {MP+9 Str-1 Int+1} (You took it off a minotaur in a labyrinth)
 32587 | Orc:4    | Identified a +2 rod of shadows (14/14) (You found it in a labyrinth)
 33442 | Orc:4    | Offered knowledge of Conjure Ball Lightning by Vehumet.
 33850 | Orc:4    | Found Uxiaf's Antique Weapon Shop.
 33851 | Orc:4    | Found Twaxonog's Antique Weapon Shoppe.
 33852 | Orc:4    | Found Raqycuj's Weapon Shop.
 33853 | Orc:4    | Found Myugay's Weapon Shoppe.
 34331 | Elf:1    | Entered Level 1 of the Elven Halls
 34580 | Elf:1    | Found a shimmering altar of Xom.
 35501 | Elf:1    | Reached skill level 5 in Armour
 36257 | Elf:2    | Reached XP level 16. HP: 86/96 MP: 31/31
 36513 | Elf:3    | Entered Level 3 of the Elven Halls
 36594 | Elf:2    | Noticed a deep elf sorcerer
 36597 | Elf:2    | Reached skill level 10 in Air Magic
 36597 | Elf:2    | Killed a deep elf sorcerer
 37363 | Shoals:1 | Entered Level 1 of the Shoals
 37376 | Lair:5   | Reached skill level 14 in Conjurations
 37398 | Lair:5   | HP: 3/97 [barbs]
 37637 | Lair:5   | Killed a dire elephant
 38255 | Shoals:1 | Reached skill level 10 in Fighting
 39110 | Shoals:2 | Noticed ghwc's ghost (mighty DrVM)
 39122 | Shoals:2 | Killed ghwc's ghost
 39178 | Shoals:2 | Slain by a merfolk impaler

Action                   |  1- 3 |  4- 6 |  7- 9 | 10-12 | 13-15 | 16-18 || total
-------------------------+-------+-------+-------+-------+-------+-------++-------
Melee: Unarmed           |    37 |     7 |       |       |       |       ||    44
       Club              |       |    18 |    15 |       |       |       ||    33
       Whip              |       |       |    35 |       |       |       ||    35
       Staff             |       |       |     9 |     4 |    78 |     3 ||    94
 Cast: Flame Tongue      |    79 |   124 |   343 |   469 |  1233 |    47 ||  2295
       Sticky Flame      |       |     3 |    25 |   102 |   232 |    22 ||   384
       Repel Missiles    |       |       |     2 |     1 |     4 |     2 ||     9
       Fireball          |       |       |       |    11 |    32 |       ||    43
       Conjure Flame     |       |       |       |     1 |       |       ||     1
       Bolt of Fire      |       |       |       |     2 |   123 |    81 ||   206
       Swiftness         |       |       |       |       |     4 |     2 ||     6
       Bolt of Magma     |       |       |       |       |    32 |       ||    32
       Orb of Destructio |       |       |       |       |    13 |     6 ||    19
       Blink             |       |       |       |       |     1 |       ||     1
 Abil: Fly               |       |       |       |       |     1 |       ||     1
Evoke: Wand              |       |     1 |       |     3 |     9 |       ||    13
       Staff of energy   |       |       |       |       |    39 |    84 ||   123
       Rod               |       |       |       |       |     2 |       ||     2
  Use: Scroll            |     2 |     7 |     8 |    10 |    17 |       ||    44
       Potion            |       |       |       |     5 |     5 |     2 ||    12
  Eat: Chunk             |     4 |     9 |    22 |    36 |   107 |    15 ||   193
       Fruit             |       |     1 |       |     3 |    22 |       ||    26
       Beef jerky        |       |       |       |     2 |     1 |       ||     3
